 Dungeon Crawl Stone Soup version 0.31-a0-216-g22e908daa7 (webtiles) character file.

Game seed: 15343985291597890002

1472 qw the Cleaver (level 8, -1/51 HPs)
             Began as a Gargoyle Fighter on July 1, 2023.
             Was an Initiate of Okawaru.
             Shot with an arrow by a centaur (4 damage)
             ... on level 6 of the Dungeon.
             The game lasted 00:02:35 (4543 turns).

qw the Cleaver (Gargoyle Fighter)                   Turns: 4543, Time: 00:02:35

Health: -1/51      AC: 14    Str: 21    XL:     8   Next: 78%
Magic:  8/8        EV: 13    Int: 10    God:    Okawaru [......]
Gold:   114        SH:  4    Dex:  9    Spells: 7/7 levels left

rFire   . . .        Y - +1 war axe (flame)
rCold   . . .        c - +0 buckler
rNeg    + . .        n - +0 chain mail
rPois   inf          (no helmet)
rElec   +            (no cloak)
rCorr   .            (no gloves)
SInv    .            (no boots)
Will    .....        (no amulet) Stlth
                     a - +5 ring of evasion
HPRegen 0.28/turn    (no ring)
MPRegen 0.11/turn

%: no passive effects
@: about to teleport
A: sickness immunity, AC +5, negative energy resistance 1, electricity
resistance, torment resistance 1, petrification resistance
a: Renounce Religion


You were on level 6 of the Dungeon.
You worshipped Okawaru.
Okawaru was noncommittal.
You visited 2 branches of the dungeon, and saw 7 of its levels.

You collected 195 gold pieces.
You spent 81 gold pieces at shops.


Innate Abilities, Weirdness & Mutations

You are immune to sickness and miasma.
Your stone body is resilient. (AC +5)
You are immune to poison.
You resist negative energy. (rN+)
You are resistant to electric shocks. (rElec)
You are resistant to unholy torment.
You are immune to petrification.


   Skills:
 - Level 6.2 Fighting
 + Level 8.7 Axes
 - Level 3.2 Armour
 - Level 1.1 Dodging
 - Level 3.2 Shields


You had 7 spell levels left.
You didn't know any spells.
Your spell library was empty.

Inventory:

Hand Weapons
 Y - a +1 war axe of flaming (weapon)
Armour
 c - a +0 buckler (worn)
 m - a +0 helmet
 n - a +0 chain mail (worn)
Jewellery
 a - a +5 ring of evasion (left hand)
 l - a ring of fire
Scrolls
 e - a scroll of identify
 j - a scroll of poison {unknown}
Potions
 b - a potion of lignification
 d - a potion of might
 f - a potion of mutation {unknown}
 g - a potion of attraction
 h - a potion of experience {unknown}
 i - a potion of heal wounds {unknown}
 p - a potion of enlightenment {unknown}
 q - a potion of resistance {unknown}

Dungeon Overview and Level Annotations

Branches:
Dungeon (6/15)             Temple (1/1) D:6

Altars:
Ashenzari
Dithmenos
Fedhas
Gozag
Hepliaklqana
Kikubaaqudgha
Makhleb
Nemelex Xobeh
Okawaru
Qazlal
Sif Muna
Uskayaw
Vehumet
Xom
Yredelemnul
Zin

Shops:
D:3 *

Annotations:
D:4 1 runed translucent door, qw's ghost, amateur GrHs
D:6 qw's ghost, novice MiHs


Message History

You hit the wight. You burn the wight. You block the wight's attack.
The wight hits you with a +3 mace!
4536 ||| READING 2 scrolls of teleportation.
As you read the scroll of teleportation, it crumbles to dust.
You feel strangely unstable. The wight misses you.
The wight hits you with a +3 mace.
You barely miss the wight.
The wight is almost destroyed.
You barely miss the wight. The wight barely misses you.
The wight hits you but does no damage.
You hit the wight. You burn the wight.
You destroy the wight!
Okawaru accepts your kill.
You barely miss the wight.
The wight hits you with a +3 halberd of freezing.
The wight freezes you.
You hit the wight. You burn the wight.
The wight is moderately damaged.
You hit the wight. You burn the wight. The wight hits you but does no damage.
The wight barely misses you.
You hit the wight. You burn the wight.
The wight is severely damaged.
You barely miss the wight.
Your surroundings suddenly seem different.
A centaur comes into view.
Found a glowing mace and 8 gold pieces.
The centaur shouts!
Enter note:
Enter note:
4541 ||| READING scroll of teleportation.
As you read the scroll of teleportation, it crumbles to dust.
You feel strangely unstable.
The centaur wields a +0 orcbow.
The centaur shoots an arrow.
The arrow barely misses you.
The centaur shoots an arrow.
The arrow completely misses you.
The centaur shoots an arrow.
The arrow hits you.
Enter note:
Enter note: The centaur shoots an arrow.
The arrow hits you.
You die...

.# ########## .#
.........# ..
.....$.).# .#
.........# .#
####.....c....# .#
............@.##
.###z.##...........#
...)z..............#
.######............#
.#### ..........#
....### ..........#
###...## ####.####..
..###..# #. .### ...
##.###### .


You could see a centaur.

Vanquished Creatures
  Sigmund (D:2)
  A sky beast (D:6)
  A black bear (D:4)
  An ogre (D:6)
  A phantom (D:4)
  A bullfrog (D:6)
  3 scorpions
  3 wights (D:6)
  2 hounds
  2 orc priests (D:4)
  A jelly (D:5)
  A sleepcap (D:6)
  Ijyb (D:3)
  Jessica (D:2)
  5 iguanas
  8 adders
  4 gnolls (D:4)
  A white imp (D:5)
  An ufetubus (D:6)
  2 worms
  14 orcs
  9 endoplasms
  2 giant cockroaches
  9 goblins
  8 hobgoblins
  6 jackals
  A quokka (D:1)
  7 ball pythons
  4 bats
  4 frilled lizards
  12 kobolds
  13 rats
130 creatures vanquished.

Notes
Turn   | Place    | Note
-------+----------+-------------------------------------------
     0 | D:1      | qw the Gargoyle Fighter began the quest for the Orb.
     0 | D:1      | Reached XP level 1. HP: 14/14 MP: 1/1
     0 | D:1      | 0 ||| qw: Version: 0.3-a-35-g05ef00e
     0 | D:1      | 0 ||| qw: Game counter: 7705
     0 | D:1      | 0 ||| qw: Melee chars always use a shield: true
     0 | D:1      | 0 ||| qw: God list: Okawaru
     0 | D:1      | 0 ||| qw: Allow faded altars: false
     0 | D:1      | 0 ||| qw: Do Orc after clearing Dungeon:15 true
     0 | D:1      | 0 ||| qw: Do second Lair branch before Depths: true
     0 | D:1      | 0 ||| qw: Lair rune preference: random
     0 | D:1      | 0 ||| qw: Goals: Normal, Zot:1-4, Slime:5, God:TSO, Crypt,
                  | Tomb, Abyss, Pan, Hells, Win
     0 | D:1      | 0 ||| PLANNING D:1-11
    72 | D:1      | 72 ||| Stepping ~*~*~tactically~*~*~ (stealth).
    73 | D:1      | 73 ||| Stepping ~*~*~tactically~*~*~ (stealth).
    78 | D:1      | Reached skill level 2 in Axes
   112 | D:1      | Reached XP level 2. HP: 19/19 MP: 2/2
   250 | D:1      | 250 ||| Stepping ~*~*~tactically~*~*~ (stealth).
   264 | D:1      | 264 ||| Stepping ~*~*~tactically~*~*~ (stealth).
   268 | D:1      | 268 ||| Stepping ~*~*~tactically~*~*~ (stealth).
   274 | D:1      | 274 ||| Stepping ~*~*~tactically~*~*~ (stealth).
   275 | D:1      | 275 ||| Stepping ~*~*~tactically~*~*~ (stealth).
   400 | D:1      | 400 ||| Stepping ~*~*~tactically~*~*~ (stealth).
   401 | D:1      | 401 ||| Stepping ~*~*~tactically~*~*~ (stealth).
   407 | D:1      | Reached skill level 3 in Axes
   458 | D:1      | Reached XP level 3. HP: 23/23 MP: 3/3
   651 | D:1      | 651 ||| READING scroll labelled HOILOXK RAJAA.
   652 | D:1      | 652 ||| READING scroll labelled VET DIUBOGH.
   709 | D:2      | 709 ||| Stepping ~*~*~tactically~*~*~ (hiding).
   863 | D:2      | Noticed Sigmund
   877 | D:2      | HP: 5/23 [Sigmund/+0 scythe (6)]
   878 | D:2      | Killed Sigmund
   879 | D:2      | Reached skill level 5 in Axes
   879 | D:2      | Reached XP level 4. HP: 7/28 MP: 4/4
   879 | D:2      | Reached XP level 5. HP: 8/32 MP: 5/5
  1076 | D:2      | 1076 ||| DROPPING +0 club.
  1108 | D:2      | Reached XP level 6. HP: 37/37 MP: 6/6
  1114 | D:2      | 1114 ||| Stepping ~*~*~tactically~*~*~ (hiding).
  1115 | D:2      | 1115 ||| Stepping ~*~*~tactically~*~*~ (hiding).
  1300 | D:2      | Noticed Jessica
  1303 | D:2      | Killed Jessica
  1336 | D:2      | Found a faded altar of an unknown god.
  1853 | D:2      | 1853 ||| READING scroll labelled ROWYAT BUSE.
  1881 | D:3      | Noticed Ijyb
  1882 | D:3      | 1882 ||| PLANNING SEWER
  1882 | D:3      | 1882 ||| Stepping ~*~*~tactically~*~*~ (hiding).
  1900 | D:3      | Killed Ijyb
  1901 | D:3      | Reached skill level 1 in Dodging
  2194 | D:3      | 2194 ||| Stepping ~*~*~tactically~*~*~ (stealth).
  2221 | D:3      | 2221 ||| Stepping ~*~*~tactically~*~*~ (hiding).
  2222 | D:3      | 2222 ||| Stepping ~*~*~tactically~*~*~ (hiding).
  2238 | D:3      | Found a glowing drain.
  2387 | D:3      | Found a stormy altar of Qazlal.
  2475 | D:3      | Found Usogocif's General Store.
  2480 | D:3      | 2480 ||| BUYING +0 heavy mace (81 gold).
  2480 | D:3      | Bought a +0 heavy mace for 81 gold pieces
  2480 | D:3      | 2480 ||| SHOPLISTING +1 pair of boots (126 gold, have 20).
  2480 | D:3      | 2480 ||| SHOPLISTING +2 scale mail of positive energy (198
                  | gold, have 20).
  2480 | D:3      | 2480 ||| SHOPLISTING scroll of teleportation (33 gold, have
                  | 20).
  2480 | D:3      | 2480 ||| DROPPING +0 whip.
  2504 | D:3      | 2504 ||| RIP SEWER
  2524 | D:3      | 2524 ||| PLANNING D:1-11
  2524 | D:3      | 2524 ||| DROPPING scarf of harm.
  2525 | D:3      | 2525 ||| UPGRADING to +5 ring of evasion.
  2526 | D:3      | 2526 ||| DROPPING ring of flight.
  2527 | D:3      | 2527 ||| READING scroll labelled ZYRPHIGETOI.
  2528 | D:3      | 2528 ||| READING 3 scrolls labelled VITYUS YLASOUMI.
  2532 | D:3      | 2532 ||| READING scroll labelled PUTHRA PEFU.
  2533 | D:3      | 2533 ||| READING scroll labelled MOVVEO ADADAO.
  2601 | D:4      | 2601 ||| Stepping ~*~*~tactically~*~*~ (stealth).
  2723 | D:4      | 2723 ||| Stepping ~*~*~tactically~*~*~ (stealth).
  2730 | D:4      | 2730 ||| Stepping ~*~*~tactically~*~*~ (stealth).
  2732 | D:4      | 2732 ||| Stepping ~*~*~tactically~*~*~ (stealth).
  2746 | D:4      | Reached skill level 6 in Axes
  2749 | D:4      | Reached XP level 7. HP: 42/43 MP: 7/7
  2784 | D:4      | Noticed qw's ghost (amateur GrHs)
  2788 | D:4      | 2788 ||| DRINKING 2 ruby potions.
  2789 | D:4      | Found a runed translucent door.
  2887 | D:4      | 2887 ||| Stepping ~*~*~tactically~*~*~ (stealth).
  2917 | D:4      | Reached skill level 7 in Axes
  2931 | D:4      | 2931 ||| SWAPPING to +0 heavy war axe.
  2940 | D:4      | 2940 ||| Stepping ~*~*~tactically~*~*~ (stealth).
  3121 | D:4      | 3121 ||| DROPPING +0 heavy mace.
  3298 | D:4      | 3298 ||| UPGRADING to +0 chain mail.
  3303 | D:4      | 3303 ||| UPGRADING to +0 chain mail.
  3313 | D:4      | 3313 ||| DROPPING +0 scale mail.
  3516 | D:5      | Entered Level 5 of the Dungeon
  3614 | D:5      | Reached XP level 8. HP: 49/49 MP: 8/8
  3661 | D:5      | Found a broken altar of Ashenzari.
  3753 | D:5      | 3753 ||| READING scroll of enchant weapon.
  3753 | D:5      | 3753 ||| ENCHANTING +0 heavy war axe.
  3754 | D:5      | 3754 ||| DROPPING +1 war axe.
  3962 | D:5      | 3962 ||| READING scroll labelled ZAUCUH ZAGUS.
  3998 | D:5      | 3998 ||| DRINKING 2 golden potions.
  3999 | D:5      | 3999 ||| READING 2 scrolls of identify.
  3999 | D:5      | 3999 ||| IDENTIFYING fuming puce potion
  4000 | D:5      | 4000 ||| DROPPING potion of brilliance.
  4189 | D:5      | 4189 ||| READING scroll labelled WISARAROWK.
  4190 | D:5      | 4190 ||| DROPPING +0 flail.
  4191 | D:5      | 4191 ||| READING scroll labelled XISSAE TOIRHAN.
  4267 | D:6      | Found a shadowy altar of Dithmenos.
  4299 | D:6      | Reached skill level 8 in Axes
  4385 | D:6      | Found a staircase to the Ecumenical Temple.
  4386 | D:6      | 4386 ||| PLANNING TEMPLE
  4394 | Temple   | Entered the Ecumenical Temple
  4418 | Temple   | 4418 ||| PLANNING OKAWARU WORSHIP
  4435 | Temple   | Became a worshipper of Warmaster Okawaru
  4436 | Temple   | 4436 ||| PLANNING D:1-11
  4494 | D:6      | Noticed qw's ghost (novice MiHs)
  4527 | D:6      | Reached skill level 6 in Fighting
  4535 | D:6      | HP: 12/51 [wight/+3 mace (7)]
  4536 | D:6      | 4536 ||| READING 2 scrolls of teleportation.
  4541 | D:6      | 4541 ||| READING scroll of teleportation.
  4542 | D:6      | HP: 3/51 [centaur/arrow (5)]
  4543 | D:6      | Shot with an arrow by a centaur

Levels and vault maps discovered:
D:1:      erik_arrival_orb_chamber, layout_basic
D:2:      layout_basic, dilly_ecumenical_altar_fadedgnrine, uniq_sigmund,
          uniq_jessica
D:3:      layout_rooms, mainiacjoe_overflow_alcove_1, gup_sewer_entry_glass,
          serial_shops, shop, uniq_ijyb
D:4:      layout_loops_ring, serial_glass, glass_columns_b, glass_columns_a,
          due_unseen_surprise, item_on_display_a, minmay_strange_pillars,
          hellmonk_ghost_happy_afterlife
D:5:      layout_gridville, mainiacjoe_overflow_small_starburst,
          nicolae_fountain_basement
D:6:      layout_rooms, kennysheep_mini_moat, minmay_temple_entry_antechambers,
          gammafunk_ghost_icy, chequers_mini_garden
Temple:   nicolae_temple_ecumenical_triangle

Skill      XL: |  1  2  3  4  5  6  7  8 |
---------------+-------------------------+-----
Axes           | 2 3 5 6 7 8 |  8.7
Fighting       | 4 5 6 |  6.2
Dodging        | 1 |  1.1
Armour         | |  3.2
Shields        | |  3.2

Action                     |  1- 3 |  4- 6 |  7- 9 || total
---------------------------+-------+-------+-------++-------
  Melee: War axe           |    87 |   175 |   150 ||   412
    Use: Scroll            |     2 |     5 |     7 ||    14
         Potion            |       |       |     2 ||     2
   Stab: Distracted        |       |     1 |       ||     1
 Armour: Scale mail        |    52 |    71 |    26 ||   149
         Skin              |       |    35 |       ||    35
         Chain mail        |       |       |    35 ||    35
  Dodge: Dodged            |    36 |    76 |   104 ||   216
  Block: Buckler           |    17 |    38 |    25 ||    80

Table legend:
 A = Non-vault XP
 B = Vault XP
 C = Vault XP percentage of total XP
 D = Non-vault monster count
 E = Vault monster count
 F = Vault count percentage of total count
                 A         B        C        D         E       F
            +---------+---------+-------+---------+---------+-------
      Total |    1705 |     399 |  19.0 |     124 |       6 |   4.6
            +---------+---------+-------+---------+---------+-------
        D:1 |      42 |       0 |   0.0 |      27 |       0 |   0.0
        D:2 |     100 |     268 |  72.8 |      23 |       2 |   8.0
        D:3 |      52 |      38 |  42.2 |      22 |       1 |   4.3
        D:4 |     685 |       0 |   0.0 |      34 |       0 |   0.0
        D:5 |     196 |      93 |  32.2 |       9 |       3 |  25.0
        D:6 |     630 |       0 |   0.0 |       9 |       0 |   0.0
            +---------+---------+-------+---------+---------+-------
